 Dungeon Crawl Stone Soup version 0.28-a0-1510-gd0f6b136d3 (webtiles) character file.

Game seed: 10900787237146891574

2 croobank the Sneak (level 1, -5/18 HPs)
             Began as a Human Delver on Jan 14, 2022.
             Slain by a river rat (7 damage)
             ... on level 2 of the Dungeon.
             The game lasted 00:03:22 (288 turns).

croobank the Sneak (Human Delver)                    Turns: 288, Time: 00:03:22

Health: -5/18      AC:  3    Str: 12    XL:     1   Next: 44%
Magic:  1/1        EV: 12    Int: 10    God:
Gold:   29         SH:  0    Dex: 14    Spells: 0/0 levels left

rFire   . . .      SeeInvis .   d - +0 short sword (speed)
rCold   . . .      Faith    .   (no shield)
rNeg    . . .      Spirit   .   b - +0 leather armour
rPois   .          Reflect  .   (no helmet)
rElec   .          Harm     .   (no cloak)
rCorr   .          Rampage  .   (no gloves)
Will    .....                   (no boots)
Stlth   +++.......              (no amulet)
HPRegen 0.06/turn               (no ring)
MPRegen 0.07/turn               (no ring)

@: no status effects
A: no striking features
a: no special abilities


You were on level 2 of the Dungeon.
You visited 1 branch of the dungeon, and saw 4 of its levels.

You collected 29 gold pieces.

Inventory:

Hand Weapons
 a - a +0 hand axe
 d - a +0 short sword of speed (weapon)
Missiles
 e - 4 poisoned darts (quivered)
Armour
 b - a +0 leather armour (worn)
Magical Staves
 g - a staff of air
Scrolls
 c - a scroll of fog


   Skills:
 + Level 3.0 Fighting
 + Level 2.0 Axes
 + Level 2.0 Dodging
 + Level 5.0 Stealth


You couldn't memorise any spells.
You didn't know any spells.
Your spell library contained the following spells:

 Spells                   Type           Power      Damage    Failure   Level
 Call Canine Familiar     Summ           0%         N/A       82%         3
 Portal Projectile        Hex/Tloc       0%         N/A       82%         3
 Leda's Liquefaction      Hex/Erth       0%         N/A       99%         4


Dungeon Overview and Level Annotations

Branches:
Dungeon (5/15)
 Temple: D:4-7

Altars:

Portals:
Sewer: D:3

Annotations:
D:5 Edmund


Message History

You hear the slow rusting of a drain nearby.
Found a ruby potion.
You see here 4 poisoned darts.
e - 4 poisoned darts
f - a ruby potion You open the door.
There is an open door here.
Found a thick glowing staff.
Found a stone staircase leading up.
You see here a staff of air.
g - a staff of air A ball python comes into view.
A river rat comes into view.
A rat comes into view.
A rat comes into view.
Found a glowing drain.
An adder comes into view.
The river rat closely misses you.
There is a stone staircase leading up here.
The river rat bites you.
You climb upwards.
Found 12 stones.
There is a stone staircase leading down here.
You hit the river rat but do no damage. The river rat completely misses you.
You barely miss the river rat. The river rat bites you!
* * * LOW HITPOINT WARNING * * *
It was a potion of curing.
You feel better. The river rat bites you.
* * * LOW HITPOINT WARNING * * *
You hit the river rat but do no damage. You barely miss the river rat.
The river rat misses you.
You hit the river rat but do no damage. Your punch misses the river rat.
The river rat bites you.
* * * LOW HITPOINT WARNING * * *
A rat comes into view.
Okay, then.
The helpless rat fails to defend itself.
You puncture the rat!
You kill the rat!
The river rat bites you!
You die...

########
#....>.#
#.####.#
#r# (#
#@# .#
#.# .#
..# .#
#### .#
..


You could see a river rat.

Vanquished Creatures
  A hobgoblin (D:3)
  A kobold (D:3)
  A rat (D:2)
3 creatures vanquished.

Vanquished Creatures (others)
  5 plants (D:3)
5 creatures vanquished.

Grand Total: 8 creatures vanquished

Notes
Turn   | Place    | Note
-------+----------+-------------------------------------------
     0 | D:5      | croobank the Human Delver began the quest for the Orb.
     0 | D:5      | Reached XP level 1. HP: 18/18 MP: 1/1
    14 | D:5      | Noticed Edmund
    24 | D:5      | Noticed an ice beast
    25 | D:5      | Noticed an iguana
    31 | D:4      | Noticed an orc wizard
    42 | D:4      | Noticed an orc wizard
    44 | D:4      | Noticed an orc wizard
   272 | D:3      | Found a glowing drain.
   288 | D:2      | Slain by a river rat

Illustrated notes

Levels and vault maps discovered:
D:2:      layout_basic, serial_shops, shop, mrwooster_statue_mirror
D:3:      layout_basic, portal_sewer_entry_a, serial_bayou,
          serial_bayou_shore_b, serial_bayou_ford_a, serial_bayou_crossing,
          serial_bayou_lagoon_a
D:4:      layout_basic, nicolae_wormholes
D:5:      layout_rooms, uniq_edmund, uniq_pikel

Action                   || total
-------------------------++-------
Melee: Short sword       ||    15
       Hand axe          ||     8
Evoke: Wand              ||     3
  Use: Potion            ||     3
       Scroll            ||     2
 Stab: Sleeping          ||     1
Armor: Leather armour    ||     2
Dodge: Dodged            ||    14

Table legend: (Time is in decaauts)
 A = Elapsed time spent in this place.
 B = Non-inter-level travel time spent in this place.
 C = Inter-level travel time spent in this place.
 D = Time resting spent in this place.
 E = Time spent auto-exploring this place.
 F = Levels seen in this place.
 G = Mean time per level.
                   A        B        C        D        E       F      G
               +--------+--------+--------+--------+--------+-----+--------+
         Total |    271 |    271 |      0 |      0 |     34 |   4 |   67.8 |
       Dungeon |    271 |    271 |      0 |      0 |     34 |   4 |   67.8 |
               +--------+--------+--------+--------+--------+-----+--------+

Top non-repeatable levels by time:
     D:3: 188 daAuts
     D:4: 40 daAuts
     D:5: 31 daAuts
     D:2: 11 daAuts
